 Dungeon Crawl Stone Soup version 0.14.1-1-g650416f (webtiles) character file.

4246 Kae the Bludgeoner (level 9, -2/70 HPs)
             Began as a Minotaur Fighter on May 10, 2014.
             Was an Elder of Okawaru.
             Slain by a manticore (6 damage)
             ... on Level 9 of the Dungeon.
             The game lasted 00:09:28 (5975 turns).

Kae the Bludgeoner (Minotaur Fighter)               Turns: 5975, Time: 00:09:29

HP  -2/70        AC 10     Str 21      XL: 9   Next: 97%
MP   4/4         EV  8     Int  7      God: Okawaru [****..]
Gold 425         SH 19     Dex 11      Spells:  0 memorised,  8 levels left

rFire  . . .     SeeInvis .     h - +2,-1 whip (elec)
rCold  . . .     Clarity  .     b - +0 scale mail
rNeg   . . .     Conserve .     c - +0 shield
rPois  .         rCorr    .     (helmet restricted)
rElec  .         rRot     .     s - +0 cloak
SustAb . .       Spirit   .     p - +1 pair of gloves
rMut   .         Warding  .     (no boots)
Saprov . . .     Stasis   +     o - cursed amulet of stasis
MR     .....                    j - cursed ring of flight
                                y - +2 ring of evasion

@: not resistant to hostile enchantments, extremely unstealthy
A: retaliatory headbutt, horns 2
a: Heroism, Renounce Religion, Evoke Flight


You were on level 9 of the Dungeon.
You worshipped Okawaru.
Okawaru was greatly pleased with you.
You were hungry.

You visited 1 branch of the dungeon, and saw 9 of its levels.
You also visited: Sewer and Ossuary.

You collected 425 gold pieces.

Inventory:

Hand weapons
 a - a +0,+0 flail
 h - a +2,-1 whip of electrocution (weapon)
 B - a +1,+2 trident
Missiles
 C - 4 tomahawks (quivered)
Armour
 b - a +0 scale mail (worn)
 c - a +0 shield (worn)
 p - a +1 pair of gloves (worn)
 s - a +0 cloak (worn)
Magical devices
 G - a wand of frost (12)
 R - a wand of frost (9)
 U - a wand of frost (6)
Comestibles
 d - 6 bread rations
 g - 5 meat rations
 M - 5 chokos
 Q - 2 pears
 T - 18 cheeses
 V - a chunk of orc flesh
 X - a snozzcumber
Scrolls
 i - 13 scrolls of identify
 r - 4 scrolls of teleportation
 t - 4 scrolls of remove curse
 w - a scroll of enchant armour
 x - a scroll of noise
 z - 2 scrolls of fear
 L - 2 scrolls of enchant weapon II {unknown}
 O - 2 scrolls of recharging
 P - a scroll of enchant weapon I {unknown}
 W - 2 scrolls of immolation {unknown}
Jewellery
 j - a cursed ring of flight (right hand)
 k - a cursed ring of teleportation
 m - a cursed ring of ice
 n - an uncursed ring of flight
 o - a cursed amulet of stasis (around neck)
 u - an uncursed ring of magical power
 y - a +2 ring of evasion (left hand)
 D - an uncursed ring of positive energy {unknown}
 H - an uncursed ring of protection from cold {unknown}
Potions
 e - 6 potions of might
 f - a potion of poison {unknown}
 l - 5 potions of heal wounds
 q - 5 potions of curing {unknown}
 v - 2 potions of degeneration {unknown}
 E - 3 potions of restore abilities {unknown}
 I - a potion of berserk rage {unknown}
 K - a potion of invisibility {unknown}
 N - a potion of paralysis {unknown}
 S - 2 potions of magic {unknown}
Books
 A - a book of Changes

   Spells                             Type                      Level
   Beastly Appendage                  Transmutation                1
   Sticks to Snakes                   Transmutation                2
   Spider Form                        Transmutation/Poison         3
   Ice Form                           Ice/Transmutation            4
   Blade Hands                        Transmutation                5
 F - a book of Frost

   Spells                             Type                      Level
   Freeze                             Ice                          1
   Throw Frost                        Conjuration/Ice              2
   Ozocubu's Armour                   Charms/Ice                   3
   Throw Icicle                       Conjuration/Ice              4
   Summon Ice Beast                   Ice/Summoning                4
   Condensation Shield                Ice                          4
 J - a book of the Sky

   Spells                             Type                      Level
   Flight                             Charms/Air                   3
   Airstrike                          Air                          4
   Silence                            Hexes/Air                    5
   Deflect Missiles                   Charms/Air                   6
   Conjure Ball Lightning             Conjuration/Air              6
   Tornado                            Air                          9
 Y - a book of Alchemy

   Spells                             Type                      Level
   Lethal Infusion                    Charms/Necromancy            2
   Sublimation of Blood               Necromancy                   2
   Condensation Shield                Ice                          4
   Petrify                            Transmutation/Earth          4
   Ignite Poison                      Fire/Transmutation           5


   Skills:
 - Level 3.6 Fighting
 + Level 16.1 Maces & Flails
 - Level 3.6 Armour
 - Level 3.6 Shields


You had 8 spell levels left.
You didn't know any spells.

Dungeon Overview and Level Annotations

Branches:
Dungeon (9/15)             Temple (0/1) D:5            Lair (0/8) D:8
    Orc: D:9-12

Altars:
Cheibriados
Kikubaaqudgha
Makhleb
Okawaru
Trog
Zin


Innate Abilities, Weirdness & Mutations

You reflexively headbutt those who attack you in melee.
You have a pair of horns on your head.


Message History

You are too injured to fight recklessly!
You are too injured to fight recklessly!
You are too injured to fight recklessly!
You are too injured to fight recklessly!
You are feeling hungry.
You hit the manticore but do no damage.
There is a sudden explosion of sparks!
The manticore is severely wounded.
Your shield and scale mail prevent you from hitting the manticore.
The manticore is severely wounded.
The manticore bites you.
* * * LOW HITPOINT WARNING * * *
You block the manticore's attack. The manticore claws you.
* * * LOW HITPOINT WARNING * * *
Your shield and scale mail prevent you from hitting the manticore.
You headbutt the manticore.
The manticore is severely wounded.
You block the manticore's attack. The manticore claws you!
* * * LOW HITPOINT WARNING * * *
The manticore claws you.
You die...

########## #).......#
#........# # #........#
# #........# #
#........## ###### #
#.........# #..... #
####'####.###.....###
#>@................
#.H####.###.....###
.K... #.#########..
.......# #.#<........#
#....(...#
#.....).....#
........###.#........##
.......##...).......##
......##...........##
... #...........##


You could see a manticore and a kobold.

Vanquished Creatures
  Menkaure (D:6)
  A black bear (D:7)
  3 phantoms
  5 orc warriors
  2 centaurs
  A crocodile (Sewer)
  A big kobold (D:7)
  Blork the orc (D:5)
  3 elf zombies (Ossuary)
  2 giant frogs (D:6)
  3 scorpions
  A hippogriff zombie (D:8)
  3 wights (D:7)
  The ghost of onwiheg the Slasher, a weakling DsBe of Trog (D:3)
  A troll zombie (D:7)
  3 crimson imps
  2 goliath beetles
  5 hounds
  A centaur zombie (Ossuary)
  A jelly (D:4)
  A gnoll shaman (D:8)
  A giant frog zombie (D:8)
  2 centaur skeletons
  6 orc priests
  An iguana (D:7)
  An orange rat (D:7)
  7 orc wizards
  5 worker ants
  Jessica (D:3)
  An ogre zombie (D:7)
  3 mummies
  12 gnolls
  An inept feature mimic (D:2)
  14 adders
  4 green rats
  2 giant mites
  An adder zombie (Ossuary)
  An adder skeleton (D:6)
  A giant eyeball (D:7)
  4 giant geckos
  An ooze (D:1)
  25 orcs
  3 giant cockroaches
  15 goblins
  13 hobgoblins
  2 quokkas (D:4)
  3 ball pythons
  23 bats
  3 giant newts
  2 goblin zombies (Ossuary)
  10 hobgoblin zombies (Ossuary)
  19 kobolds
  13 kobold zombies (Ossuary)
  6 orc zombies (Ossuary)
  28 rats
  A rat zombie (Ossuary)
  A ballistomycete (D:4)
278 creatures vanquished.

Vanquished Creatures (others)
  A human (D:3)
  A giant spore (D:4)
2 creatures vanquished.

Grand Total: 280 creatures vanquished

Notes
Turn   | Place    | Note
--------------------------------------------------------------
     0 | D:1      | Kae, the Minotaur Fighter, began the quest for the Orb.
     0 | D:1      | Reached XP level 1. HP: 19/19 MP: 1/1
    93 | D:1      | Reached XP level 2. HP: 26/26 MP: 1/1
   292 | D:1      | Reached skill level 4 in Maces & Flails
   683 | D:2      | Reached XP level 3. HP: 31/31 MP: 2/2
   814 | D:2      | Found a bloodstained altar of Trog.
   872 | D:2      | Found an iron altar of Okawaru.
   881 | D:2      | Reached skill level 5 in Maces & Flails
   898 | D:2      | Became a worshipper of Warmaster Okawaru
   964 | D:2      | Reached XP level 4. HP: 39/39 MP: 2/2
  1184 | D:2      | Reached skill level 6 in Maces & Flails
  1400 | D:3      | Reached XP level 5. HP: 41/45 MP: 2/2
  1621 | D:3      | Reached skill level 7 in Maces & Flails
  1675 | D:3      | Noticed Jessica
  1678 | D:3      | Killed Jessica
  1694 | D:3      | Noticed onwiheg's ghost (weakling DsBe)
  1697 | D:3      | Killed onwiheg's ghost
  1697 | D:3      | Acquired Okawaru's first power
  1697 | D:3      | Reached XP level 6. HP: 49/51 MP: 3/3
  1723 | D:3      | Found an ancient bone altar of Kikubaaqudgha.
  1725 | D:3      | Noticed a human
  1726 | D:3      | Killed a human
  2004 | D:4      | Reached skill level 8 in Maces & Flails
  2040 | D:4      | Reached skill level 9 in Maces & Flails
  2188 | D:4      | Reached XP level 7. HP: 44/57 MP: 1/3
  2227 | D:4      | Found a burning altar of Makhleb.
  2537 | D:5      | Entered Level 5 of the Dungeon
  2543 | D:5      | Found a staircase to the Ecumenical Temple.
  2616 | D:5      | Reached skill level 10 in Maces & Flails
  2703 | D:5      | Found a glowing drain.
  2742 | Sewer    | Entered a sewer
  2999 | D:5      | Noticed Blork the orc
  3009 | D:5      | Killed Blork the orc
  3206 | D:6      | Reached skill level 11 in Maces & Flails
  3230 | D:6      | Found a glowing silver altar of Zin.
  3253 | D:6      | Reached XP level 8. HP: 64/64 MP: 1/3
  3395 | D:6      | Noticed Menkaure
  3396 | D:6      | Killed Menkaure
  3396 | D:6      | Reached skill level 12 in Maces & Flails
  3422 | D:6      | Found a sand-covered staircase.
  3454 | Ossuary  | Entered an ossuary
  3794 | D:6      | Reached skill level 13 in Maces & Flails
  4193 | D:6      | Reached XP level 9. HP: 70/70 MP: 1/4
  4482 | D:7      | Reached skill level 14 in Maces & Flails
  4965 | D:7      | Reached skill level 15 in Maces & Flails
  5521 | D:8      | Found a staircase to the Lair.
  5562 | D:8      | Found a snail-covered altar of Cheibriados.
  5876 | D:9      | Reached skill level 16 in Maces & Flails
  5959 | D:9      | Noticed a manticore
  5975 | D:9      | Slain by a manticore

Action                   |  1- 3 |  4- 6 |  7- 9 || total
-------------------------+-------+-------+-------++-------
Melee: Flail             |    20 |       |       ||    20
       Whip              |    77 |   150 |   596 ||   823
Throw: Tomahawk          |       |     2 |       ||     2
Invok: Heroism           |       |     1 |     3 ||     4
Evoke: Wand              |       |       |     1 ||     1
  Use: Scroll            |     3 |       |     5 ||     8
